Map: Terraform LE (Void)

Players

Beastyqt - Winner!

  • Race: Terran Terran
  • League: Diamond

qxc

  • Race: Terran Terran
  • League: Master

VOD

Have the link to the VOD?

Description

Time

  • Played on: Sept. 5, 2015, 8:03 p.m.
  • Length: 19:13
Show
View Real Time Build Order
Export as new Build Order

Beastyqt Terran - Winner!

Build Orders: Reaper Expand 

Get SALT Encoding   

  12  0:01  SCV  
  13  0:13  SCV  
  14  0:18  Supply Depot  
  14  0:25  SCV  
  15  0:41  SCV  
  16  0:43  Barracks  
  16  0:47  Refinery  
  16  0:53  SCV  
  17  1:05  SCV  
  18  1:18  SCV  
  19  1:30  Reaper  
  19  1:31  Orbital Command  
  20  1:45  Command Center  
  20  1:54  Supply Depot  
  20  1:56  SCV  
  21  2:02  Marine  
  22  2:09  SCV  
  23  2:15  Factory  
  23  2:19  Refinery  
  23  2:21  SCV  
  24  2:25  Barracks Reactor  
  24  2:33  SCV  
  25  2:45  SCV  
  26  2:57  SCV  
  27  2:58  Orbital Command  
  27  2:59  Bunker  
  27  3:00  Starport  
  27  3:02  Marine  
  27  3:03  Factory Tech Lab, Marine  
  29  3:10  SCV  
  30  3:18  Engineering Bay  
  30  3:19  Marine  
  30  3:21  Marine  
  30  3:24  SCV x2  
  34  3:36  SCV, Viking  
  34  3:37  SCV  
  38  3:45  Marine x2  
  38  3:47  Supply Depot  
  40  3:48  SCV  
  40  3:50  SCV  
  40  3:54  Missile Turret  
  42  3:58  Missile Turret  
  42  4:02  SCV  
  43  4:05  Missile Turret  
  43  4:06  SCV  
  42  4:14  SCV  
  43  4:19  SCV  
  43  4:21  Factory Tech Lab, Viking x2  
  43  4:23  Stimpack  
  47  4:26  SCV  
  47  4:29  Marine  
  48  4:32  SCV  
  48  4:33  Supply Depot  
  49  4:40  Terran Infantry Weapons Level 1, SCV  
  50  4:46  Siege Tank  
  50  4:47  Marine  
  54  4:55  SCV x2  
  54  4:56  Supply Depot  
  56  5:02  Supply Depot  
  56  5:07  Barracks  
  56  5:09  Barracks, Starport Reactor  
  55  5:17  SCV, Marine  
  55  5:18  SCV  
  55  5:20  Supply Depot  
  58  5:29  Siege Tank  
  58  5:30  SCV x2  
  63  5:38  Marine  
  63  5:42  SCV  
  65  5:43  Command Center  
  65  5:46  SCV  
  66  5:55  Marine x2  
  69  5:57  SCV  
  69  6:01  SCV  
  69  6:02  Barracks x2  
  69  6:06  Starport Reactor  
  69  6:07  Marine x2  
  69  6:09  SCV  
  69  6:10  Siege Tank, Marine  
  73  6:13  SCV  
  67  6:20  Marine x2  
  67  6:21  SCV  
  68  6:25  SCV  
  68  6:29  Marine x2  
  69  6:33  SCV  
  69  6:34  Supply Depot  
  69  6:35  Marine  
  69  6:39  SCV  
  68  6:42  Marine x2  
  70  6:51  Medivac  
  70  6:52  Medivac  
  74  7:02  SCV  
  74  7:05  SCV, Marine  
  71  7:08  Siege Tank  
  71  7:09  Marine x2  
  71  7:11  Marine  
  71  7:14  Orbital Command  
  71  7:15  SCV  
  69  7:19  Marine  
  69  7:21  Refinery  
  70  7:23  Marine  
  70  7:26  Marine  
  70  7:29  Marine  
  72  7:33  Marine  
  72  7:37  Marine  
  74  7:40  Siege Tank, Marine  
  74  7:43  SCV  
  74  7:44  Refinery, Marine  
  80  7:47  Marine  
  80  7:49  Medivac  
  80  7:50  Marine  
  85  7:54  Marine  
  86  7:58  Marine  
  86  8:02  Marine  
  86  8:05  SCV  
  87  8:13  SCV  
  87  8:15  Marine x2  
  87  8:17  SCV  
  87  8:19  Marine x2  
  91  8:21  Barracks Reactor x2  
  91  8:22  Terran Infantry Armor Level 1  
  91  8:24  Supply Depot, Engineering Bay  
  91  8:25  SCV, Armory  
  89  8:29  SCV, Marine  
  89  8:31  Siege Tank  
  89  8:32  Marine  
  95  8:34  Marine  
  95  8:35  Orbital Command  
  95  8:37  SCV, Marine x2  
  96  8:47  Marine  
  96  8:50  Marine  
  96  8:51  SCV x2  
  96  8:52  Marine  
  96  8:55  Command Center, Marine  
  101  8:58  Marine x3  
  101  9:01  SCV  
  105  9:03  SCV, Siege Tank  
  109  9:18  Supply Depot  
  109  9:21  Missile Turret  
  109  9:28  Missile Turret  
  109  9:32  Terran Infantry Weapons Level 2  
  109  9:34  Supply Depot  
  109  9:39  Medivac x2, Marine x6  
  109  9:43  Refinery  
  109  9:44  Refinery  
  116  9:48  Supply Depot x2  
  116  9:53  Terran Vehicle Weapons Level 1  
  116  9:55  Siege Tank  
  116  9:59  Supply Depot x2  
  119  10:11  SCV x2  
  119  10:13  Marine  
  119  10:14  Marine x3  
  123  10:15  Medivac x2  
  123  10:16  Marine  
  123  10:17  Marine  
  123  10:19  Marine  
  131  10:26  SCV  
  131  10:28  Siege Tank  
  134  10:29  Marine x2  
  134  10:31  Marine  
  133  10:39  Terran Infantry Armor Level 2  
  133  10:40  Marine x2  
  135  10:44  Marine x2  
  135  10:45  Medivac  
  135  10:47  Marine  
  135  10:49  Marine x2  
  127  10:52  Marine x2  
  127  10:56  Planetary Fortress  
  125  10:58  Missile Turret, Marine x2  
  125  11:01  Marine  
  125  11:04  Marine  
  129  11:05  Marine  
  129  11:08  Siege Tank, Marine x2  
  129  11:09  Marine  
  129  11:10  Marine  
  136  11:13  Medivac  
  136  11:15  Marine, Medivac  
  136  11:16  Marine  
  142  11:19  Marine  
  142  11:21  Marine  
  142  11:23  Sensor Tower, Marine  
  144  11:25  Marine x2  
  144  11:27  Marine  
  144  11:28  Marine  
  148  11:33  Marine x2  
  148  11:37  Marine  
  148  11:39  Marine  
  151  11:40  Siege Tank  
  151  11:41  Marine  
  151  11:42  Sensor Tower  
  151  11:43  Marine x2  
  151  11:45  Marine  
  151  11:46  Marine  
  155  11:50  Terran Infantry Weapons Level 3  
  155  11:51  Marine x2  
  157  11:55  Marine  
  157  11:58  Marine  
  157  11:59  Marine  
  160  12:05  Marine x3  
  160  12:06  Marine  
  164  12:09  Terran Vehicle Weapons Level 2, Marine x2  
  164  12:12  Siege Tank  
  164  12:13  Marine  
  168  12:16  Marine  
  168  12:17  Marine  
  158  12:23  Marine x4  
  158  12:24  SCV x2  
  158  12:28  Marine  
  158  12:29  Marine  
  159  12:30  Marine  
  159  12:35  Marine  
  158  12:37  Combat Shields  
  158  12:39  Marine  
  158  12:41  Marine  
  158  12:42  Marine x2  
  162  12:46  Viking x2  
  162  12:47  Siege Tank, Marine x3  
  172  12:56  SCV  
  172  13:03  SCV  
  172  13:05  Supply Depot  
  172  13:10  Supply Depot  
  172  13:15  Marine x3  
  172  13:22  Marine  
  172  13:23  Marine x4  
  172  13:24  Terran Infantry Armor Level 3, Marine  
  171  13:33  Marine x3  
  167  13:38  SCV x2  
  167  13:40  Marine  
  169  13:43  Siege Tank, Marine  
  169  13:45  Marine  
  169  13:47  Marine x2  
  174  13:56  Marine  
  174  13:58  SCV x2  
  174  14:00  Medivac x2  
  174  14:01  Marine x2  
  176  14:15  Siege Tank, Marine x2  
  169  14:18  SCV  
  170  14:27  Marine x2  
  170  14:28  Marine  
  170  14:29  Marine  
  170  14:30  Marine x3  
  175  14:33  Marine x2  
  175  14:35  SCV x2  
  170  14:41  Medivac x2  
  170  14:45  Marine x2  
  176  14:46  Marine x2  
  176  14:47  Marine  
  176  14:48  Siege Tank, Marine x2  
  176  14:51  Marine x2  
  186  14:55  SCV x2  
  188  15:02  Marine  
  188  15:08  Marine x2  
  188  15:09  Marine  
  188  15:12  Supply Depot  
  188  15:29  Command Center  
  188  15:33  Marine x4  
  188  15:34  Siege Tank  
  171  15:43  Marine x2  
  171  15:45  Marine x2  
  171  15:48  Marine  
  173  15:51  Marine x4  
  177  16:01  Marine x2  
  177  16:03  Marine x2  
  180  16:06  Siege Tank, Marine  
  180  16:09  Marine x4  
  161  16:19  Marine x2  
  161  16:21  Marine x2  
  161  16:23  Marine  
  163  16:27  Marine x4  
  161  16:36  Marine  
  161  16:37  Marine  
  161  16:38  Siege Tank  
  156  16:45  Marine  
  145  17:10  Siege Tank, Marine  
  131  17:45  Marine  
  118  18:20  Marine x3  
  118  18:22  Marine  
Show
View Real Time Build Order
Export as new Build Order

qxc Terran 

Build Orders: 1/1/1, Bio Tank, Banshee Rush 

Get SALT Encoding   

  12  0:00  SCV  
  13  0:12  SCV  
  14  0:17  Supply Depot  
  14  0:25  SCV  
  15  0:36  Refinery  
  15  0:39  SCV  
  16  0:44  Barracks  
  16  0:51  SCV  
  17  1:03  SCV  
  18  1:15  SCV  
  19  1:31  Supply Depot, Marine, Orbital Command  
  20  1:38  Factory  
  20  1:43  Refinery  
  20  1:49  Marine  
  21  2:04  SCV, Supply Depot  
  21  2:07  Marine  
  23  2:16  SCV  
  24  2:23  Starport  
  24  2:24  Factory Tech Lab  
  24  2:25  Marine  
  26  2:30  SCV  
  26  2:42  SCV  
  27  2:44  Marine  
  28  2:52  Hellion  
  28  2:54  SCV  
  31  3:02  Marine  
  31  3:04  Banshee, Cloaking Field  
  35  3:18  SCV  
  36  3:27  Command Center  
  36  3:30  SCV  
  36  3:31  Factory Tech Lab  
  37  3:40  Barracks Reactor  
  37  3:43  SCV  
  37  3:47  Banshee  
  41  3:50  Siege Tank  
  41  3:55  Supply Depot  
  44  3:56  SCV  
  45  4:08  SCV  
  44  4:17  Marine x2  
  44  4:20  SCV  
  44  4:22  Siege Tank  
  50  4:32  Banshee, SCV  
  50  4:35  Marine  
  50  4:37  Supply Depot  
  55  4:42  Orbital Command  
  55  4:48  Marine  
  55  4:49  SCV  
  57  4:53  Marine  
  57  4:54  Siege Tank  
  61  5:01  SCV  
  61  5:06  Marine  
  60  5:11  Marine  
  60  5:12  Barracks  
  60  5:13  Barracks  
  61  5:14  SCV x2  
  61  5:20  Banshee  
  66  5:26  SCV x2  
  62  5:38  SCV x2  
  62  5:40  Siege Tank  
  67  5:43  Marine x2  
  67  5:47  Refinery  
  67  5:48  Refinery  
  69  5:50  SCV  
  69  5:51  SCV  
  71  6:00  Marine  
  71  6:01  Marine  
  71  6:02  Banshee  
  71  6:03  SCV x2  
  77  6:15  SCV  
  78  6:21  Barracks Tech Lab x2  
  78  6:23  Supply Depot x3  
  78  6:24  Siege Tank  
  78  6:35  Command Center, Supply Depot  
  78  6:37  SCV, Marine  
  78  6:38  Marine  
  74  6:42  Marine x2  
  74  6:44  SCV, Stimpack  
  74  6:45  Banshee  
  77  6:49  SCV  
  78  6:56  SCV  
  79  7:07  Marine x2  
  75  7:09  Siege Tank  
  75  7:11  SCV, Marine x2  
  75  7:12  SCV  
  81  7:15  Combat Shields  
  81  7:17  Barracks  
  81  7:18  Barracks  
  80  7:23  SCV  
  80  7:24  Marine x2  
  80  7:28  Banshee  
  80  7:29  Marine  
  87  7:30  SCV  
  88  7:40  Engineering Bay, Marine  
  88  7:41  SCV, Siege Tank, Engineering Bay  
  88  7:42  Marine x2  
  94  7:45  SCV  
  95  7:55  SCV  
  93  8:03  Marine x2  
  95  8:08  SCV, Barracks Reactor  
  95  8:09  Barracks Reactor, Marine x2  
  95  8:10  Terran Infantry Weapons Level 1, Terran Infantry Armor Level 1  
  95  8:13  SCV  
  95  8:14  Starport  
  95  8:19  Starport Reactor  
  96  8:20  SCV  
  96  8:21  Marine x2  
  96  8:24  Missile Turret  
  96  8:25  Missile Turret  
  96  8:26  SCV, Sensor Tower  
  100  8:27  Marine  
  100  8:28  Missile Turret  
  100  8:29  Marine  
  100  8:33  SCV  
  103  8:37  Siege Tank  
  103  8:39  Marine x2  
  105  8:45  Orbital Command, Marine  
  105  8:47  Marine  
  105  8:49  Marine x2  
  105  8:50  Missile Turret  
  106  8:56  Medivac x2  
  106  8:57  Medivac  
  106  8:58  Marine x4  
  116  9:10  Bunker  
  116  9:11  Marine x3  
  116  9:13  Sensor Tower  
  116  9:15  Factory, Marine  
  116  9:16  Refinery, Marine x2  
  122  9:17  Refinery  
  122  9:20  Marine  
  122  9:21  Marine  
  124  9:33  Marine  
  124  9:35  Marine  
  125  9:53  Command Center  
  125  9:58  Supply Depot x3, Medivac, Marine x6  
  133  10:00  Supply Depot  
  133  10:13  Armory  
  133  10:15  Supply Depot  
  133  10:16  Marine  
  133  10:18  Marine  
  133  10:19  Medivac x2, Siege Tank, Marine x5  
  133  10:20  Siege Tank  
  148  10:23  Marine  
  149  10:33  Marine  
  149  10:35  Medivac  
  151  10:36  Marine  
  151  10:37  Marine x2  
  151  10:39  Factory  
  154  10:44  Marine x2  
  154  10:49  Medivac  
  137  10:50  Marine x2  
  137  10:51  Marine  
  137  10:56  Marine x3  
  137  10:57  Siege Tank, Medivac  
  149  11:02  Marine x2  
  149  11:04  Terran Infantry Weapons Level 2  
  153  11:05  Medivac  
  153  11:08  Marine x2  
  153  11:09  Marine  
  158  11:13  Marine  
  158  11:14  Marine x2  
  158  11:19  Marine  
  158  11:21  Marine  
  158  11:22  Factory Tech Lab  
  160  11:26  Command Center, Marine  
  160  11:28  Marine  
  160  11:29  Marine  
  160  11:31  Marine  
  164  11:33  Marine x2  
  164  11:35  Siege Tank  
  164  11:37  Marine  
  164  11:38  Marine  
  170  11:40  Factory Tech Lab  
  170  11:44  Marine  
  171  11:47  Marine x2  
  171  11:48  Siege Tank  
  171  11:49  Marine  
  171  11:51  Marine x2  
  179  11:55  Marine  
  179  11:56  Marine  
  179  11:59  Planetary Fortress  
  181  12:01  Marine, Terran Infantry Armor Level 2  
  181  12:03  Terran Vehicle Weapons Level 1  
  181  12:05  Marine x2  
  181  12:07  Command Center, Marine  
  185  12:09  Marine x2  
  185  12:13  Marine  
  188  12:17  Marine  
  188  12:19  Marine  
  184  12:23  Marine  
  184  12:24  Siege Tank  
  188  12:32  Marine x5  
  188  12:35  Siege Tank, Marine  
  186  12:37  Siege Tank, Marine  
  186  12:40  Marine  
  191  12:50  Marine x5  
  192  12:53  Marine  
  192  12:55  Marine  
  192  12:56  Siege Tank  
  195  12:58  Marine  
  195  13:02  Medivac x2  
  190  13:07  Siege Tank  
  190  13:08  Marine x5  
  190  13:11  Marine  
  199  13:17  Barracks  
  199  13:19  Barracks  
  196  13:27  Marine x2  
  196  13:28  Marine  
  196  13:29  Siege Tank  
  196  13:31  Terran Infantry Weapons Level 3  
  198  13:34  Marine x2  
  198  13:36  Planetary Fortress  
  198  13:39  Marine x2  
  200  13:43  Marine  
  200  13:45  Missile Turret x2  
  200  14:01  Command Center  
  200  14:07  Siege Tank  
  196  14:13  Medivac x2  
  190  14:17  Marine x3  
  190  14:21  Barracks Reactor x2  
  190  14:22  Siege Tank x2, Medivac  
  190  14:23  Marine x2  
  190  14:24  Marine  
  192  14:35  Marine x4  
  195  14:41  Marine x2  
  195  14:45  Marine x2  
  198  14:47  Medivac x2  
  181  14:53  Marine x4  
  181  14:56  Siege Tank x3  
  181  14:59  Marine x2  
  195  15:03  Marine x2  
  195  15:07  Marine x3  
  200  15:16  Terran Infantry Armor Level 3  
  200  15:29  Command Center  
  200  15:36  Marine x2  
  178  15:45  Marine  
  178  15:46  Marine  
  178  15:48  Marine x2  
  178  15:49  Siege Tank  
  174  15:50  Marine x3  
  174  15:51  Marine x3  
  174  15:52  Medivac x2  
  174  15:53  Medivac  
  174  15:55  Marine x2  
  183  16:08  Marine x5  
  183  16:09  Siege Tank, Marine x5  
  171  16:12  Marine  
  171  16:13  Marine  
  156  16:23  Siege Tank  
  147  16:25  Marine x2  
  147  16:26  Marine x3  
  147  16:27  Marine x4  
  147  16:30  Marine x2  
  145  16:34  SCV x3  
  136  16:40  Marine  
  136  16:43  Marine x3  
  136  16:44  Marine x2  
  136  16:45  Marine x2  
  136  16:48  Marine x2  
  130  17:01  Marine x3  
  130  17:02  Marine  
  130  17:03  Marine x2  
  130  17:06  Marine x2  
  133  17:11  Planetary Fortress  
  101  17:19  Marine x4  
  101  17:20  Marine  
  101  17:21  Marine  
  101  17:24  Marine  
  101  17:27  Marine  
  103  17:37  Marine  
  104  17:44  SCV  
  104  17:50  Marine  
  106  17:54  SCV  
  106  17:57  SCV  
  105  18:06  SCV  
  105  18:09  SCV  
  96  18:13  Marine x3  
  96  18:15  Marine x2  
  96  18:18  SCV, Marine  
  85  18:21  Marine x2  
  80  18:41  SCV  
  80  18:46  Marine  
  80  18:47  Marine x5  
Tags
 
Add a new tag
Caveats
  • Supply blocks, unpowered buildings, or Contaminate may cause inaccurate times.
  • Supply counts are checked every 10 seconds.